 Dungeon Crawl Stone Soup version 0.28-a0-1510-gd0f6b136d3 (webtiles) character file.

Game seed: 3211220278439017494

29 psuckher the Digger (level 3, -2/19 HPs)
             Began as a Gargoyle Earth Elementalist on Jan 15, 2022.
             Was an Initiate of Yredelemnul.
             Killed from afar by a dart slug (5 damage)
             ... with a slug dart
             ... on level 2 of the Dungeon.
             The game lasted 00:06:24 (585 turns).

psuckher the Digger (Gargoyle Earth Elementalist)    Turns: 585, Time: 00:06:24

Health: -2/19      AC:  5    Str: 11    XL:     3   Next: 16%
Magic:  1/6        EV: 12    Int: 17    God:    Yredelemnul [......]
Gold:   9          SH:  0    Dex: 10    Spells: 5/6 levels left

rFire   . . .      SeeInvis .   i - +0 short sword
rCold   . . .      Faith    .   (no shield)
rNeg    + . .      Spirit   .   b - +0 robe
rPois   ∞          Reflect  .   (no helmet)
rElec   +          Harm     .   (no cloak)
rCorr   .          Rampage  .   (no gloves)
Will    .....                   (no boots)
Stlth   ++........              (no amulet)
HPRegen 0.06/turn               (no ring)
MPRegen 0.10/turn               (no ring)

@: no status effects
A: sickness immunity, AC +3, negative energy resistance 1, electricity
resistance, torment resistance 1, petrification resistance
a: Renounce Religion, Recall Undead Harvest


You were on level 2 of the Dungeon.
You worshipped Yredelemnul.
Yredelemnul was noncommittal.
You visited 1 branch of the dungeon, and saw 2 of its levels.

You collected 9 gold pieces.

Inventory:

Hand Weapons
 h - a +0 spear
 i - a +0 short sword (weapon)
Missiles
 c - 18 stones
Armour
 b - a +0 robe (worn)
Scrolls
 a - a scroll of summoning {unknown}
 e - a scroll of magic mapping {unknown}
 f - a scroll of identify {unknown}
Potions
 d - a potion of attraction {unknown}
 g - a potion of heal wounds {unknown}
 j - a potion of flight {unknown}


   Skills:
 + Level 0.5 Short Blades
 + Level 0.3 Polearms
 + Level 1.7 Dodging
 + Level 2.4 Stealth
 + Level 2.3 Spellcasting
 + Level 0.8 Transmutations
 + Level 4.2 Earth Magic


You had 5 spell levels left.
You knew the following spells:

 Your Spells              Type           Power      Damage    Failure   Level
a - Sandblast             Erth           32%        2d9       3%          1

Your spell library contained the following spells:

 Spells                   Type           Power      Damage    Failure   Level
 Passwall                 Tmut/Erth      8%         N/A       10%         2
 Stone Arrow              Conj/Erth      18%        3d8       24%         3
 Petrify                  Tmut/Erth      10%        N/A       54%         4


Dungeon Overview and Level Annotations

Branches:
Dungeon (2/15)

Altars:
Yredelemnul


Innate Abilities, Weirdness & Mutations

You are immune to sickness and miasma.
Your stone body is resilient. (AC +3)
You are immune to poison.
You resist negative energy. (rN+)
You are resistant to electric shocks. (rElec)
You are resistant to unholy torment.
You are immune to petrification.


Message History

The giant cockroach misses you.
You hit the giant cockroach but do no damage.
The giant cockroach is severely wounded.
The giant cockroach closely misses you.
You barely miss the giant cockroach.
The giant cockroach is severely wounded.
The giant cockroach closely misses you.
You hit the giant cockroach.
You kill the giant cockroach!
The ball python misses you. x2
You closely miss the ball python. The ball python barely misses you.
The ball python closely misses you.
You don't have enough magic to cast this spell.
You hit the ball python but do no damage.
The ball python bites you but does no damage.
The ball python barely misses you.
You barely miss the ball python. The ball python bites you.
* * * LOW HITPOINT WARNING * * *
The ball python grabs you. The ball python constricts you.
The ball python bites you but does no damage.
The ball python constricts you.
* * * LOW HITPOINT WARNING * * *
The ball python's grasp on you weakens, but your attempt to escape fails.
The ball python barely misses you. The ball python constricts you.
* * * LOW HITPOINT WARNING * * *
Unknown command.
Aiming: Sandblast (safe; 3% risk of failure)
Press: ? - help, Q - select action, (/) - cycle Shift-Dir - straight line, f - ball python
Aim: a ball python (constricting you, 77% to hit)
The blast of sand hits the ball python!
You kill the ball python!
A black mist starts to gather...
You swap places.
A dart slug comes into view.
You swap places.
The dart slug launches a dart at you.
The slug dart misses your ball python zombie.
The slug dart hits you.
You die...
Your body rises from the dead as a mindless zombie.

#.# #####
#.########
#.#.......
#.#.##...
#......#
#.#.#..#
#.>....#
#.#.#..###.
#@.........
##Z....###.
#.....#
#.....#
#.........
#....w....
###.......
.......
.......


You could see a dart slug and a friendly ball python zombie.

Vanquished Creatures
  4 ball pythons
  3 endoplasms (D:1)
  3 giant cockroaches
  A goblin (D:1)
  A hobgoblin (D:1)
  3 jackals (D:2)
  2 bats
  2 frilled lizards
  2 rats (D:1)
21 creatures vanquished.

Vanquished Creatures (collateral kills)
  A bat (D:1)
  A hobgoblin (D:1)
  A ball python (D:1)
  A rat (D:1)
4 creatures vanquished.

Vanquished Creatures (others)
  A jackal zombie (D:2)
  A demonic plant (D:1)
  13 plants (D:1)
15 creatures vanquished.

Grand Total: 40 creatures vanquished

Notes
Turn   | Place    | Note
-------+----------+-------------------------------------------
     0 | D:1      | psuckher the Gargoyle Earth Elementalist began the quest
                  | for the Orb.
     0 | D:1      | Reached XP level 1. HP: 10/10 MP: 3/3
   134 | D:1      | Found a faded altar of an unknown god.
   134 | D:1      | Noticed a sixfirhy
   144 | D:1      | Prayed at the altar of an unknown god.
   144 | D:1      | Became a worshipper of Yredelemnul the Dark
   144 | D:1      | Reached * piety under Yredelemnul
   197 | D:1      | Reached XP level 2. HP: 14/15 MP: 5/5
   229 | D:1      | Reached skill level 4 in Earth Magic
   287 | D:1      | Reached ** piety under Yredelemnul
   556 | D:2      | Reached XP level 3. HP: 7/19 MP: 2/6
   585 | D:2      | Killed from afar by a dart slug

Illustrated notes

Levels and vault maps discovered:
D:1:      erik_arrival_triangle_small, layout_basic,
          dreamdust_ecumenical_altar_sealed_demon, serial_bayou_pond_c
D:2:      layout_loops_ring, serial_shops, nicolae_shop_window_shopping

Skill      XL: |  1  2 |
---------------+-------+-----
Earth Magic    | 4 |  4.2
Short Blades   | |  0.5
Polearms       | |  0.3
Dodging        | |  1.7
Stealth        | |  2.4
Spellcasting   | |  2.3
Transmutations | |  0.8

Action                   || total
-------------------------++-------
Melee: Spear             ||    17
       Short sword       ||    60
       Punch             ||     2
 Cast: Sandblast         ||    12
Invok: Recall Undead Har ||     1
       Dark Bargain      ||     1
 Stab: Sleeping          ||     2
Armor: Robe              ||    38
Dodge: Dodged            ||    92

Table legend: (Time is in decaauts)
 A = Elapsed time spent in this place.
 B = Non-inter-level travel time spent in this place.
 C = Inter-level travel time spent in this place.
 D = Time resting spent in this place.
 E = Time spent auto-exploring this place.
 F = Levels seen in this place.
 G = Mean time per level.
                   A        B        C        D        E       F      G
               +--------+--------+--------+--------+--------+-----+--------+
         Total |    601 |    524 |     77 |      0 |      0 |   2 |  300.5 |
       Dungeon |    601 |    524 |     77 |      0 |      0 |   2 |  300.5 |
               +--------+--------+--------+--------+--------+-----+--------+

Top non-repeatable levels by time:
     D:1: 555 daAuts
     D:2: 45 daAuts
